 Dungeon Crawl Stone Soup version 0.28-a0-1447-ga5a8893891 (webtiles) character file.

Game seed: 18108100923921568276

564 oldriver the Skirmisher (level 7, -1/51 HPs)
             Began as a Formicid Chaos Knight on Jan 11, 2022.
             Was a Plaything of Xom.
             Slain by a yak (shapeshifter) (2 damage)
             ... summoned by Xom
             ... while petrified by a basilisk
             ... on level 5 of the Dungeon.
             The game lasted 00:03:21 (3944 turns).

oldriver the Skirmisher (Formicid Chaos Knight)     Turns: 3944, Time: 00:03:21

Health: -1/51      AC:  6    Str: 19    XL:     7   Next: 58%
Magic:  7/7        EV:  2    Int: 11    God:    Xom [*.....]
Gold:   63         SH:  0    Dex: 10    Spells: 6/6 levels left

rFire   . . .      SeeInvis +   a - +1 hand axe (chaos)
rCold   + . .      Faith    .   (no shield)
rNeg    + + +      Spirit   .   b - +2 leather armour
rPois   ∞          Reflect  .   (helmet unavailable)
rElec   .          Harm     .   f - +0 cloak
rCorr   .          Rampage  .   (no gloves)
Will    +....                   (no boots)
Stlth   +.........              e - amulet of the acrobat
HPRegen 0.17/turn               (no ring)
MPRegen 0.10/turn               (no ring)

@: petrified, unable to read
A: permanent stasis, dig shafts and tunnels, antennae 3, four strong arms, cold
resistance 1, frail 1, strong-willed 1, subdued magic 1, inability to read while
threatened
a: Dig, Shaft Self, Renounce Religion


You were on level 5 of the Dungeon.
You worshipped Xom.
You were a special plaything of Xom.
You visited 1 branch of the dungeon, and saw 5 of its levels.

You collected 166 gold pieces.
You spent 103 gold pieces at shops.

Inventory:

Hand Weapons
 a - a +1 hand axe of chaos (weapon)
Missiles
 u - 5 boomerangs of dispersal
Armour
 b - a +2 leather armour (worn)
 f - a +0 cloak (worn)
Jewellery
 e - an amulet of the acrobat (around neck)
 n - a +4 ring of evasion
Scrolls
 g - a scroll of enchant armour {unknown}
 i - a scroll of noise {unknown}
 o - a scroll of fog {unknown}
 p - 2 scrolls of enchant weapon
 q - a scroll of amnesia {unknown}
 s - a scroll of identify
 t - a scroll of immolation {unknown}
Potions
 c - 2 potions of curing
 j - a potion of cancellation {unknown}
 k - a potion of resistance {unknown}
 l - a potion of heal wounds {unknown}
 m - a potion of magic {unknown}
 r - a potion of lignification {unknown}


   Skills:
 + Level 5.8 Fighting
 + Level 5.3 Axes
 - Level 2.1 Armour
 + Level 3.8 Dodging


You had 6 spell levels left.
You didn't know any spells.
Your spell library contained the following spells:

 Spells                   Type           Power      Damage    Failure   Level
 Foxfire                  Conj/Fire      0%         2x1d4     34%         1
 Conjure Flame            Conj/Fire      0%         6-21      73%         3
 Inner Flame              Hex/Fire       0%         N/A       73%         3
 Flame Wave               Conj/Fire      0%         2d4       98%         4


Dungeon Overview and Level Annotations

Branches:
Dungeon (4/15)             Temple (0/1) D:5

Altars:
Xom

Shops:
D:3 *


Innate Abilities, Weirdness & Mutations

You cannot be hasted, slowed, berserked, paralysed or teleported.
You can dig through walls and to a lower floor.
You have a pair of large antennae on your head. (SInv)
Your four strong arms can wield two-handed weapons with a shield.
Your flesh is cold resistant. (rC+)
You are frail. (-10% HP)
You are strong-willed. (Will+)
Your spells are a little easier to cast, but a little less powerful.
You sometimes lose the ability to read scrolls when taking damage.


Message History

The basilisk gazes at you. You resist with almost no effort.
Unknown command.
You closely miss the basilisk.
The basilisk is lightly wounded.
You feel sick. The basilisk barely misses you. The basilisk bites you.
You hit the basilisk.
The basilisk resists with some effort.
The basilisk is moderately wounded.
You feel sick.
You are no longer poisoned.
The basilisk gazes at you. You resist with almost no effort.
You barely miss the basilisk.
The basilisk is moderately wounded.
The basilisk closely misses you. The basilisk barely misses you.
Unknown command.
You barely miss the basilisk.
The basilisk is moderately wounded.
The basilisk bites you!
You feel threatened and lose the ability to read scrolls!
You completely miss the basilisk.
The basilisk is moderately wounded.
The basilisk gazes at you.
You are slowing down.
The basilisk bites you!
* * * LOW HITPOINT WARNING * * *
The basilisk gazes at you.
Your limbs have turned to stone.
The basilisk gazes at you. You resist with almost no effort.
You have turned to stone.
The basilisk bites you!
* * * LOW HITPOINT WARNING * * *
The basilisk gazes at you. You resist with almost no effort.
The basilisk changes into a yak!
The yak gores you!
* * * LOW HITPOINT WARNING * * *
The yak gores you.
You die... "What!?
That's it?"

..#...##... .. .#....#..
... { ....... ....
.....##..# ######
........###
#.....#####............
.#.....#...#...##.......
....>..@Y8........# ....
.#.....#)..###..####..#.
#.....#####.#.......###
#######................
#...................
##......##.........#
#......####....#...
####..## ###...#...
#....# #...#.#..#


You could see a yak shaped shifter (summoned).

Vanquished Creatures
  A necrophage (D:4)
  An ogre (D:4)
  A scorpion (D:5)
  Terence (D:2)
  5 orc wizards
  A gnoll (D:1)
  7 adders
  A shadow imp (D:4)
  An ufetubus (D:4)
  A worm (D:2)
  A dart slug (D:1)
  14 orcs
  7 endoplasms
  2 giant cockroaches
  5 goblins
  5 hobgoblins
  5 jackals
  3 quokkas
  8 ball pythons
  5 bats
  8 frilled lizards
  5 kobolds
  3 rats
91 creatures vanquished.

Vanquished Creatures (collateral kills)
  A rat (D:2)
1 creature vanquished.

Grand Total: 92 creatures vanquished

Notes
Turn   | Place    | Note
-------+----------+-------------------------------------------
     0 | D:1      | oldriver the Formicid Chaos Knight began the quest for the
                  | Orb.
     0 | D:1      | Reached XP level 1. HP: 18/18 MP: 1/1
    40 | D:1      | Reached skill level 1 in Dodging
    91 | D:1      | XOM: divination: detect creatures
   197 | D:1      | Reached XP level 2. HP: 21/24 MP: 2/2
   295 | D:1      | XOM: silly message
   388 | D:1      | Reached XP level 3. HP: 30/30 MP: 3/3
   589 | D:1      | XOM: polymorph bat -> gnoll
   609 | D:1      | XOM: silly message
   853 | D:2      | Reached XP level 4. HP: 25/37 MP: 4/4
   964 | D:2      | Noticed Terence
   966 | D:2      | XOM: cast spell 'Call Canine Familiar'
   972 | D:2      | Killed Terence
  1815 | D:3      | Reached XP level 5. HP: 38/43 MP: 5/5
  1840 | D:3      | Found a faded altar of an unknown god.
  1851 | D:3      | XOM: noise
  1950 | D:3      | XOM: divination: detect creatures
  1965 | D:3      | Found Efiydd's Assorted Antiques.
  1974 | D:3      | Bought a scroll labelled DAEBIO BOETSIA for 28 gold pieces
  1974 | D:3      | Bought a bubbling sapphire potion for 25 gold pieces
  1974 | D:3      | Bought a fuming golden potion for 25 gold pieces
  1974 | D:3      | Bought a fizzy black potion for 25 gold pieces
  2640 | D:3      | XOM: scenery: create altars
  2787 | D:4      | XOM: give mutations
  2787 | D:4      | Gained mutation: Your flesh is cold resistant. (rC+) [Xom's
                  | grace]
  2787 | D:4      | Gained mutation: You are strong-willed. (Will+) [Xom's
                  | grace]
  2872 | D:4      | Noticed a necrophage
  2873 | D:4      | XOM: scenery: create altars
  2875 | D:4      | XOM: cleaving
  2884 | D:4      | Killed a necrophage
  2885 | D:4      | Reached skill level 5 in Fighting
  2885 | D:4      | Reached XP level 6. HP: 46/51 MP: 6/6
  2888 | D:4      | Noticed an ogre
  2889 | D:4      | XOM: potion effect (brilliance)
  2902 | D:4      | Killed an ogre
  2913 | D:4      | XOM: silly message
  3216 | D:4      | Reached XP level 7. HP: 51/56 MP: 7/7
  3467 | D:4      | XOM: summons 1 hostile shadow creature
  3495 | D:4      | XOM: swap monsters
  3506 | D:4      | Reached skill level 5 in Axes
  3508 | D:4      | XOM: swap monsters
  3524 | D:4      | You fall into a shaft and drop 1 floor!
  3524 | D:5      | Entered Level 5 of the Dungeon
  3541 | D:5      | XOM: silly message
  3648 | D:5      | XOM: silly message
  3758 | D:5      | XOM: give mutations
  3758 | D:5      | Gained mutation: You sometimes lose the ability to read
                  | scrolls when taking damage. [Xom's mischief]
  3758 | D:5      | Gained mutation: Your spells are a little easier to cast,
                  | but a little less powerful. [Xom's mischief]
  3758 | D:5      | Gained mutation: You are frail. (-10% HP) [Xom's mischief]
  3793 | D:5      | XOM: silly message
  3822 | D:5      | Found a staircase to the Ecumenical Temple.
  3838 | D:5      | XOM: chaos upgrade
  3923 | D:5      | XOM: summons 4 hostile shadow creatures
  3930 | D:5      | Noticed a shapeshifter
  3930 | D:5      | a black bear changed into a shapeshifter
  3930 | D:5      | Noticed a basilisk
  3930 | D:5      | a shapeshifter changed into a basilisk
  3941 | D:5      | Noticed a yak
  3941 | D:5      | a basilisk changed into a yak
  3943 | D:5      | HP: 1/51 [yak (shapeshifter)[Xom] (3)]
  3944 | D:5      | Slain by a yak (shapeshifter)

Illustrated notes

Levels and vault maps discovered:
D:1:      minmay_arrival_split_and_join, layout_rooms,
          minmay_misc_feat_more_columns, minmay_misc_feat_cross
D:2:      layout_loops_ring, serial_glass, glass_columns_b, glass_columns_c,
          uniq_terence
D:3:      layout_loops_corners, nicolae_ecumenical_snake_handling, serial_shops,
          nicolae_diamond_shop, minmay_fountain_box
D:4:      minmay_chambers_of_fours, layout_loops_ring, minmay_tree_intersection
D:5:      layout_cave_pools, minmay_temple_entry_antechambers,
          minmay_curled_crystal, dk_vineyard_1, minmay_misc_feat_pillars,
          minmay_misc_feat_hallway, nicolae_shop_firing_range

Skill      XL: |  1  2  3  4  5  6  7 |
---------------+----------------------+-----
Dodging        | 1 2 3 |  3.8
Fighting       | 4 5 |  5.8
Axes           | 4 5 |  5.3
Armour         | |  2.1

Action                   |  1- 3 |  4- 6 |  7- 9 || total
-------------------------+-------+-------+-------++-------
Melee: Hand axe          |    61 |   115 |    94 ||   270
       Punch             |     2 |     1 |       ||     3
 Abil: Shaft Self        |       |       |     1 ||     1
  Use: Scroll            |       |     4 |       ||     4
       Potion            |       |       |     2 ||     2
 Stab: Invisible         |       |       |     1 ||     1
Armor: Leather armour    |    17 |    23 |    24 ||    64
Dodge: Dodged            |    28 |    70 |    64 ||   162

Table legend: (Time is in decaauts)
 A = Elapsed time spent in this place.
 B = Non-inter-level travel time spent in this place.
 C = Inter-level travel time spent in this place.
 D = Time resting spent in this place.
 E = Time spent auto-exploring this place.
 F = Levels seen in this place.
 G = Mean time per level.
                   A        B        C        D        E       F      G
               +--------+--------+--------+--------+--------+-----+--------+
         Total |   3965 |   3852 |    113 |    228 |   2971 |   5 |  793.0 |
       Dungeon |   3965 |   3852 |    113 |    228 |   2971 |   5 |  793.0 |
               +--------+--------+--------+--------+--------+-----+--------+

Top non-repeatable levels by time:
     D:2: 977 daAuts
     D:3: 961 daAuts
     D:4: 836 daAuts
     D:1: 767 daAuts
     D:5: 421 daAuts
